AoeStats
← fepe.eltala

MegaRandom

507849683Analyzed
2v2 RM · 13d ago on Sep 19, 2026· 47m 6s· 4 players
Game mode
Random Map
Map size
Medium (4 player)
Population
200
Speed
Normal
Resources
Standard
Victory
Conquest
Starting age
Dark Age
Ending age
Imperial Age
RankedLock teamsTeams togetherTeam positionsShared explorationLock speedFull tech treeHidden civsTurbo modeCheats
Victory
Defeat
🇬🇧 Magyars · United Kingdom
1183
+12
🇸🇪 Ethiopians · Sweden
1028
+19
🇦🇷 Tatars · Argentina
1108
-16
🇦🇷 Vietnamese · Argentina
1078
-15
jORGitoPOrcel_JR
7:22 Loom
9:54 Feudal Age
18:36 Castle Age
17:29 Scale Mail Armor
18:53 Gold Mining
18:51 Double-Bit Axe
19:22 Squires
20:36 Arson
23:09 Chain Mail Armor
23:05 Forging
25:33 Iron Casting
24:57 Horse Collar
28:27 Elite Skirmisher
29:13 Thumb Ring
35:37 Fletching
35:47 Padded Archer Armor
38:30 Imperial Age
39:43 Leather Archer Armor
41:23 Bodkin Arrow
41:02 Imperial Skirmisher
42:20 Bracer
42:50 Ring Archer Armor
45:54 Ring Archer Armor
fepe.eltala
6:55 Loom
9:43 Feudal Age
12:30 Double-Bit Axe
12:25 Horse Collar
19:36 Castle Age
17:49 Forging
19:26 Gold Mining
19:51 Bloodlines
19:48 Scale Barding Armor
26:51 Iron Casting
26:37 Chain Barding Armor
35:46 Wheelbarrow
37:45 Bow Saw
38:12 Gold Shaft Mining
38:03 Hand Cart
42:11 Husbandry
42:19 Husbandry
48:56 Imperial Age
Wegason
8:38 Loom
12:05 Feudal Age
13:01 Double-Bit Axe
19:11 Castle Age
17:12 Horse Collar
19:16 Town Watch
20:13 Bow Saw
24:27 Scale Barding Armor
25:34 Chain Barding Armor
25:55 Fletching
29:56 Bodkin Arrow
30:23 Bloodlines
30:13 Husbandry
31:32 Wheelbarrow
37:03 Imperial Age
35:47 Hand Cart
37:35 Fishing Lines
38:20 Conscription
38:01 Corvinian Army
42:43 Heavy Plow
42:53 Elite Magyar Huszar
46:37 Plate Barding Armor
46:37 Crop Rotation
J.D.Rehn
7:14 Loom
11:26 Feudal Age
13:30 Double-Bit Axe
16:24 Castle Age
16:05 Padded Archer Armor
16:35 Fishing Lines
18:15 Wheelbarrow
17:53 Bow Saw
17:55 Fletching
19:43 Horse Collar
22:28 Heavy Plow
23:08 Gold Mining
25:52 Gold Shaft Mining
25:47 Crossbowman
26:51 Bodkin Arrow
27:50 Ballistics
28:51 Thumb Ring
30:02 Leather Archer Armor
30:06 Hand Cart
34:34 Scale Mail Armor
37:19 Imperial Age
36:37 Squires
36:39 Town Watch
37:27 Scale Barding Armor
37:38 Chain Mail Armor
38:08 Arbalester
38:59 Bracer
40:26 Two-Man Saw
40:55 Chemistry
40:23 Onager
41:32 Siege Engineers
42:14 Ring Archer Armor
42:37 Stone Mining
45:23 Torsion Engines
45:33 Siege Onager
Connection lost

Rejoining the realm…

Still unreachable

The connection could not be restored.

Session expired

The server has moved on; the page needs a fresh start.